 Dungeon Crawl Stone Soup version 0.28-a0-683-ga8797d1ae1 (webtiles) character file.

Game seed: 4866700405104095987

31 shoop the Chucker (level 3, -14/37 HPs)
             Began as an Ogre Hunter on Oct 18, 2021.
             Demolished by a gnoll (15 damage)
             ... on level 2 of the Dungeon.
             The game lasted 00:01:20 (1064 turns).

shoop the Chucker (Ogre Hunter)                     Turns: 1064, Time: 00:01:22

Health: -14/37     AC:  3    Str: 17    XL:     3   Next: 22%
Magic:  3/3        EV: 10    Int: 12    God:
Gold:   16         SH:  0    Dex:  9    Spells: 2/2 levels left

rFire   . . .      SeeInvis .   h - +0 spear
rCold   . . .      Faith    .   (no shield)
rNeg    . . .      Spirit   .   b - +0 robe
rPois   .          Reflect  .   (helmet restricted)
rElec   .          Harm     .   (no cloak)
rCorr   .          Rampage  .   (gloves unavailable)
Will    .....                   (boots unavailable)
Stlth   +.........              (no amulet)
HPRegen 0.12/turn               (no ring)
MPRegen 0.08/turn               (no ring)

@: no status effects
A: large, unfitting armour, tough skin 1
a: no special abilities


You were on level 2 of the Dungeon.
You visited 1 branch of the dungeon, and saw 2 of its levels.

You collected 16 gold pieces.

Inventory:

Hand Weapons
 a - a +0 short sword
 h - a +0 spear (weapon)
Missiles
 c - 3 large rocks (quivered)
 d - 2 throwing nets
Armour
 b - a +0 robe (worn)
Scrolls
 g - a scroll of enchant weapon {unknown}
 i - a scroll of torment {unknown}
 j - 2 scrolls of teleportation {unknown}
Potions
 e - a potion of curing {unknown}
 f - a potion of resistance {unknown}


   Skills:
 - Level 3.0 Fighting
 + Level 4.7 Throwing
 - Level 2.0 Dodging
 - Level 1.0 Stealth


You had 2 spell levels left.
You didn't know any spells.
Your spell library was empty.

Dungeon Overview and Level Annotations

Branches:
Dungeon (2/15)

Altars:


Innate Abilities, Weirdness & Mutations

You are too large for most types of armour.
You have tough skin. (AC +1)


Message History

You kill the adder!
You feel sick.
No target in view!
No target in view!
You feel sick.
You feel sick.
You feel sick.
You are no longer poisoned.
A gnoll comes into view. It is wielding a +0 flail.
You start resting.
A gnoll is nearby!
You start resting.
A gnoll is nearby!
The gnoll shouts!
You hit the gnoll.
The gnoll is moderately wounded.
You hear a shout! x2
The gnoll hits you with a +0 flail.
You barely miss the gnoll.
The gnoll is moderately wounded.
The gnoll hits you with a +0 flail!
* * * LOW HITPOINT WARNING * * *
Throw: 5 large rocks
Press: ? - help, Q - select action, (/) - cycle Shift-Dir - straight line, f - gnoll
Aim: a gnoll, wielding a +0 flail and wearing a +6 ring of strength (moderately wounded, 61% to hit)
You throw a large rock. The large rock hits the gnoll!!
You kill the gnoll!
You hear a shout!
A gnoll comes into view. It is wielding a +0 halberd.
You have reached level 3!
Your experience leads to an increase in your attributes!
Increase (S)trength, (I)ntelligence, or (D)exterity?
You feel stronger. x2
Throw: 4 large rocks
Press: ? - help, Q - select action, (/) - cycle Shift-Dir - straight line, f - gnoll
Aim: a gnoll, wielding a +0 halberd (61% to hit)
You throw a large rock.
The large rock closely misses the gnoll.
The gnoll hits you from afar with a +0 halberd!
You die...

#. #..>........ #.
####....##...#### ..
................. #.
#.##.##....# #.
#..g....[#.#
##.#####..###.>.#.#
#..†.g....# #...#.#
#≈...###..###.#.#.#
#≈≈.@# #......#.#.###
#8≈(## #.##.##...<...
#≈≈....g.##.....#†.(.
#≈...##########.#####
#....# #.# ###### #.#
#.# #.# #.


You could see a gnoll.

Vanquished Creatures
  A gnoll (D:2)
  An adder (D:2)
  2 endoplasms
  A hobgoblin (D:1)
  3 ball pythons
  3 bats (D:1)
  2 goblins (D:1)
13 creatures vanquished.

Notes
Turn   | Place    | Note
-------+----------+-------------------------------------------
     0 | D:1      | shoop the Ogre Hunter began the quest for the Orb.
     0 | D:1      | Reached XP level 1. HP: 22/22 MP: 1/1
   522 | D:1      | Reached XP level 2. HP: 29/29 MP: 2/2
   618 | D:1      | Reached skill level 1 in Stealth
  1062 | D:2      | HP: 1/31 [gnoll (12)]
  1064 | D:2      | Reached XP level 3. HP: 1/37 MP: 3/3
  1064 | D:2      | Demolished by a gnoll

Illustrated notes

Levels and vault maps discovered:
D:1:      heliophobic_arrival_enchanted_forest, layout_loops_ring
D:2:      layout_loops_ring, basic_ecumenical_altar,
          minmay_misc_feat_four_crosses, moated_statue, uniq_sigmund

Skill      XL: |  1  2 |
---------------+-------+-----
Fighting       | 3 |  3.0
Dodging        | 2 |  2.0
Stealth        | 1 |  1.0
Throwing       | |  4.7

Action                   || total
-------------------------++-------
Melee: Short sword       ||    16
       Spear             ||    29
Throw: Large rock        ||     2
 Stab: Sleeping          ||     2
Armor: Robe              ||    15
Dodge: Dodged            ||    18

Table legend: (Time is in decaauts)
 A = Elapsed time spent in this place.
 B = Non-inter-level travel time spent in this place.
 C = Inter-level travel time spent in this place.
 D = Time resting spent in this place.
 E = Time spent auto-exploring this place.
 F = Levels seen in this place.
 G = Mean time per level.
                   A        B        C        D        E       F      G
               +--------+--------+--------+--------+--------+-----+--------+
         Total |   1068 |   1034 |     34 |     25 |    892 |   2 |  534.0 |
       Dungeon |   1068 |   1034 |     34 |     25 |    892 |   2 |  534.0 |
               +--------+--------+--------+--------+--------+-----+--------+

Top non-repeatable levels by time:
     D:1: 976 daAuts
     D:2: 91 daAuts
